3A
SYRACUSE STORM @ YORK REVOLUTION
08/20/2033
 
TOP OF THE 1ST
Syracuse Storm batting - Pitching for York Revolution : RHP Knud Herrewijn
Pitching: RHP Knud Herrewijn
Batting: LHB Brenton Winston 0-0: Ball
1-0: Called Strike
1-1: Ball
2-1: Foul Ball, location: 2F
2-2: Ball
3-2: Strikes out swinging
Batting: LHB Tom Burton 0-0: Called Strike
0-1: Called Strike
0-2: SINGLE (Groundball, 3D)
Batting: RHB Dave Maxwell 0-0: Ball
1-0: Called Strike
1-1: Ball
2-1: SINGLE (Line Drive, 7S)
Tom Burton to second
Batting: RHB Sadakuno Hashimoto 0-0: Ball
1-0: Called Strike
1-1: Ball
2-1: Ball
3-1: Base on Balls
Tom Burton to third
Dave Maxwell to second
Batting: LHB Seung-min Sin 0-0: Foul Ball, location: 2F
0-1: Ball
1-1: Foul Ball, location: 2F
1-2: Ball
2-2: Ball
3-2: Base on Balls
Tom Burton scores
Dave Maxwell to third
Sadakuno Hashimoto to second
Batting: LHB António Escobeda 0-0: Ball
1-0: Called Strike
1-1: Ball
2-1: Ball
3-1: Base on Balls
Dave Maxwell scores
Sadakuno Hashimoto to third
Seung-min Sin to second
Batting: RHB Adrián Medina 0-0: Ball
1-0: Ball
2-0: Called Strike
2-1: Grounds into fielders choice 1-2 (Groundball, P)
Seung-min Sin to third
António Escobeda to second
Batting: SHB Franck Kooijmans 0-0: Called Strike
0-1: Foul Ball, location: 2F
0-2: Ball
1-2: Fly out, F9 (Flyball, 9D)
Top of the 1st over - 2 runs, 2 hits, 0 errors, 3 left on base; Syracuse 2 - York 0
BOTTOM OF THE 1ST
York Revolution batting - Pitching for Syracuse Storm : RHP José Colón
Pitching: RHP José Colón
Batting: RHB John Clark 0-0: Ball
1-0: Ground out 5-3 (Groundball, 56S)
Batting: LHB Jack MacOmish 0-0: Called Strike
0-1: Called Strike
0-2: Strikes out swinging
Batting: SHB Vicente Romero 0-0: Called Strike
0-1: Ball
1-1: Called Strike
1-2: Foul Ball, location: 2F
1-2: Foul Ball, location: 2F
1-2: DOUBLE (Flyball, 89XD)
Batting: RHB Ryoma Yamamoto 0-0: Called Strike
0-1: Foul Ball, location: 2F
0-2: Ball
1-2: Ball
2-2: Fly out, F7 (Flyball, 78S)
Bottom of the 1st over - 0 runs, 1 hit, 0 errors, 1 left on base; Syracuse 2 - York 0
TOP OF THE 2ND
Syracuse Storm batting - Pitching for York Revolution : RHP Knud Herrewijn
Batting: LHB Tareef Ashraf 0-0: Foul Ball, location: 2F
0-1: Ball
1-1: Ball
2-1: Foul Ball, location: 2F
2-2: Strikes out swinging
Batting: LHB Brenton Winston 0-0: Ball
1-0: Swinging Strike
1-1: Called Strike
1-2: Strikes out swinging
Batting: LHB Tom Burton 0-0: Called Strike
0-1: Foul Ball, location: 2F
0-2: Ball
1-2: Foul Ball, location: 2F
1-2: Fly out, F9 (Flyball, 9)
Top of the 2nd over - 0 runs, 0 hits, 0 errors, 0 left on base; Syracuse 2 - York 0
BOTTOM OF THE 2ND
York Revolution batting - Pitching for Syracuse Storm : RHP José Colón
Batting: RHB Lawrence Stokes 0-0: Ground out 5-3 (Groundball, 56)
Batting: RHB Vaughn White 0-0: Called Strike
0-1: Ball
1-1: Called Strike
1-2: Ball
2-2: Strikes out swinging
Batting: RHB Rich Stevens 0-0: Ball
1-0: Called Strike
1-1: Foul Ball, location: 2F
1-2: Foul Ball, location: 2F
1-2: Ball
2-2: Foul Ball, location: 2F
2-2: Ground out U3 (Groundball, 34)
Bottom of the 2nd over - 0 runs, 0 hits, 0 errors, 0 left on base; Syracuse 2 - York 0
TOP OF THE 3RD
Syracuse Storm batting - Pitching for York Revolution : RHP Knud Herrewijn
Batting: RHB Dave Maxwell 0-0: Ball
1-0: Ball
2-0: Called Strike
2-1: Fly out, F9 (Flyball, 9)
Batting: RHB Sadakuno Hashimoto 0-0: Ball
1-0: Called Strike
1-1: Ball
2-1: Foul Ball, location: 2F
2-2: Ball
3-2: Foul Ball, location: 2F
3-2: Strikes out looking
Batting: LHB Seung-min Sin 0-0: Called Strike
0-1: SINGLE (Groundball, 4M) (infield hit)
Batting: LHB António Escobeda 0-0: Fly out, F7 (Flyball, 7)
Top of the 3rd over - 0 runs, 1 hit, 0 errors, 1 left on base; Syracuse 2 - York 0
BOTTOM OF THE 3RD
York Revolution batting - Pitching for Syracuse Storm : RHP José Colón
Batting: RHB Juan Mateo 0-0: Called Strike
0-1: SINGLE (Line Drive, 7S)
Batting: RHB Tome Uso 0-0: Ground out 6-3 (Groundball, 6S)
Juan Mateo to second
Batting: RHB John Clark 0-0: Swinging Strike
0-1: Swinging Strike
0-2: Ball
1-2: Ball
2-2: Strikes out looking
Batting: LHB Jack MacOmish 0-0: Swinging Strike
0-1: Ball
1-1: Swinging Strike
1-2: Strikes out swinging
Bottom of the 3rd over - 0 runs, 1 hit, 0 errors, 1 left on base; Syracuse 2 - York 0
TOP OF THE 4TH
Syracuse Storm batting - Pitching for York Revolution : RHP Knud Herrewijn
Batting: RHB Adrián Medina 0-0: Foul Ball, location: 2F
0-1: SINGLE (Groundball, 6MD)
Batting: SHB Franck Kooijmans 0-0: Ball
1-0: Foul Ball, location: 2F
1-1: Swinging Strike
1-2: Strikes out looking
Batting: LHB Tareef Ashraf 0-0: Ball
1-0: Called Strike
1-1: Ground out 4-3 (Groundball, 4S)
Adrián Medina to second
Batting: LHB Brenton Winston 0-0: Ball
1-0: Called Strike
1-1: Ball
2-1: Ball
3-1: Base on Balls
Batting: LHB Tom Burton 0-0: Ball
1-0: Ball
2-0: Ball
3-0: Base on Balls
Adrián Medina to third
Brenton Winston to second
Batting: RHB Dave Maxwell 0-0: Ball
1-0: Foul Ball, location: 2F
1-1: Foul Ball, location: 2F
1-2: Foul Ball, location: 2F
1-2: Ground out 4-3 (Groundball, 4)
Top of the 4th over - 0 runs, 1 hit, 0 errors, 3 left on base; Syracuse 2 - York 0
BOTTOM OF THE 4TH
York Revolution batting - Pitching for Syracuse Storm : RHP José Colón
Batting: SHB Vicente Romero 0-0: Foul Ball, location: 2F
0-1: Ball
1-1: Swinging Strike
1-2: Foul Ball, location: 2F
1-2: Strikes out swinging
Batting: RHB Ryoma Yamamoto 0-0: Called Strike
0-1: Called Strike
0-2: Foul Ball, location: 2F
0-2: Fly out, F3 (Popup, 3SF)
Batting: RHB Lawrence Stokes 0-0: Swinging Strike
0-1: Swinging Strike
0-2: Ball
1-2: Ball
2-2: Ball
3-2: Foul Ball, location: 2F
3-2: Strikes out looking
Bottom of the 4th over - 0 runs, 0 hits, 0 errors, 0 left on base; Syracuse 2 - York 0
TOP OF THE 5TH
Syracuse Storm batting - Pitching for York Revolution : RHP Knud Herrewijn
Batting: RHB Sadakuno Hashimoto 0-0: Foul Ball, location: 2F
0-1: Ball
1-1: Called Strike
1-2: Foul Ball, location: 2F
1-2: Foul Ball, location: 2F
1-2: Foul Ball, location: 2F
1-2: Ground out 5-3 (Groundball, 56S)
Batting: LHB Seung-min Sin 0-0: Called Strike
0-1: Ball
1-1: Ball
2-1: Swinging Strike
2-2: Ball
3-2: SINGLE (Groundball, 34D)
Pitching: RHP Cletus Spence
Batting: LHB António Escobeda 0-0: Ball
1-0: Ball
2-0: Ball
3-0: Called Strike
3-1: Foul Ball, location: 2F
3-2: Reached on error, E5 (Groundball, 5)
Seung-min Sin to second
Batting: RHB Adrián Medina 0-0: Called Strike
0-1: Foul Ball, location: 2F
0-2: Ball
1-2: Strikes out looking
Batting: SHB Franck Kooijmans 0-0: Ball
1-0: Foul Ball, location: 2F
1-1: Foul Ball, location: 2F
1-2: SINGLE (Groundball, 4MD)
Seung-min Sin to third
António Escobeda to second
Throwing error, E8
Seung-min Sin scores
António Escobeda to third
Franck Kooijmans to second
Batting: LHB Tareef Ashraf 0-0: Swinging Strike
0-1: Ball
1-1: Ball
2-1: Ball
3-1: Ground out 5-3 (Groundball, 56)
Top of the 5th over - 1 run, 2 hits, 2 errors, 2 left on base; Syracuse 3 - York 0
BOTTOM OF THE 5TH
York Revolution batting - Pitching for Syracuse Storm : RHP José Colón
Batting: RHB Vaughn White 0-0: Ball
1-0: Ball
2-0: Swinging Strike
2-1: Foul Ball, location: 2F
2-2: Foul Ball, location: 2F
2-2: Fly out, F2 (Popup, 2R)
Batting: RHB Rich Stevens 0-0: Called Strike
0-1: Ball
1-1: Foul Ball, location: 2F
1-2: Fly out, F7 (Line Drive, 78D)
Batting: RHB Juan Mateo 0-0: Ball
1-0: Ball
2-0: Foul Ball, location: 2F
2-1: Ball
3-1: Base on Balls
Batting: RHB Tome Uso 0-0: Ball
1-0: Called Strike
1-1: Ground out 4-3 (Groundball, 4)
Bottom of the 5th over - 0 runs, 0 hits, 0 errors, 1 left on base; Syracuse 3 - York 0
TOP OF THE 6TH
Syracuse Storm batting - Pitching for York Revolution : RHP Cletus Spence
Batting: LHB Brenton Winston 0-0: Foul Ball, location: 2F
0-1: Reached on error, E1 (Groundball, 13S)
Batting: LHB Tom Burton 0-0: Ball
1-0: SINGLE (Flyball, 89S)
Brenton Winston to second
Runner from 2nd tries for 3rd, SAFE, no throw
Batting: RHB Dave Maxwell 0-0: Called Strike
0-1: Foul Ball, location: 2F
0-2: Ball
1-2: Strikes out swinging
Batting: RHB Sadakuno Hashimoto 0-0: Fly out, F7 (Flyball, 7D)
Runner from 3rd tags up, SCORES, no throw
Batting: LHB Seung-min Sin 0-0: Foul Ball, location: 2F
0-1: Swinging Strike
0-2: Ball
1-2: Strikes out looking
Top of the 6th over - 1 run, 1 hit, 1 error, 1 left on base; Syracuse 4 - York 0
BOTTOM OF THE 6TH
York Revolution batting - Pitching for Syracuse Storm : RHP José Colón
Batting: RHB John Clark 0-0: Ball
1-0: Swinging Strike
1-1: Ball
2-1: Ball
3-1: Foul Ball, location: 2F
3-2: Fly out, F7 (Flyball, 7)
Batting: LHB Jack MacOmish 0-0: Ball
1-0: Called Strike
1-1: Ground out 6-3 (Groundball, 6M)
Batting: SHB Vicente Romero 0-0: Ball
1-0: Swinging Strike
1-1: Foul Ball, location: 2F
1-2: Reached on error, E4 (Groundball, 4)
Batting: RHB Ryoma Yamamoto 0-0: Ball
1-0: Called Strike
1-1: Foul Ball, location: 2F
1-2: Foul Ball, location: 2F
1-2: Strikes out swinging
Bottom of the 6th over - 0 runs, 0 hits, 1 error, 1 left on base; Syracuse 4 - York 0
TOP OF THE 7TH
Syracuse Storm batting - Pitching for York Revolution : RHP Cletus Spence
Batting: LHB António Escobeda 0-0: Foul Ball, location: 2F
0-1: Ground out 4-3 (Groundball, 4)
Batting: RHB Adrián Medina 0-0: Called Strike
0-1: Hit by Pitch
Batting: SHB Franck Kooijmans 0-0: Ball
1-0: Ball
2-0: SINGLE (Line Drive, 8LS)
Adrián Medina to second
Batting: LHB Tareef Ashraf 0-0: Called Strike
0-1: Ball
1-1: Ball
Adrián Medina is caught stealing 3rd base
2-1: Fly out, F9 (Flyball, 89S)
Top of the 7th over - 0 runs, 1 hit, 0 errors, 1 left on base; Syracuse 4 - York 0
BOTTOM OF THE 7TH
York Revolution batting - Pitching for Syracuse Storm : RHP José Colón
Batting: RHB Lawrence Stokes 0-0: Ball
1-0: Ball
2-0: Called Strike
2-1: Called Strike
2-2: Ball
3-2: Strikes out looking
Batting: RHB Vaughn White 0-0: Swinging Strike
0-1: Called Strike
0-2: Strikes out swinging
Batting: RHB Rich Stevens 0-0: Ball
1-0: Ground out 4-3 (Groundball, 4)
Bottom of the 7th over - 0 runs, 0 hits, 0 errors, 0 left on base; Syracuse 4 - York 0
TOP OF THE 8TH
Syracuse Storm batting - Pitching for York Revolution : RHP Cletus Spence
Batting: LHB Brenton Winston 0-0: Ball
1-0: Swinging Strike
1-1: Ball
2-1: Ground out 5-3 (Groundball, 56)
Batting: LHB Tom Burton 0-0: Ball
1-0: Ball
2-0: Ball
3-0: Base on Balls
Batting: RHB Dave Maxwell 0-0: Foul Ball, location: 2F
0-1: Foul Ball, location: 2F
0-2: Foul Ball, location: 2F
0-2: Foul Ball, location: 2F
0-2: Foul Ball, location: 2F
0-2: Foul Ball, location: 2F
0-2: Ball
1-2: Fly out, F8 (Flyball, 8LXD)
Batting: RHB Sadakuno Hashimoto 0-0: Ball
1-0: Called Strike
1-1: Ground out 5-3 (Groundball, 56S)
Top of the 8th over - 0 runs, 0 hits, 0 errors, 1 left on base; Syracuse 4 - York 0
BOTTOM OF THE 8TH
York Revolution batting - Pitching for Syracuse Storm : RHP José Colón
Batting: RHB Juan Mateo 0-0: Called Strike
0-1: SINGLE (Flyball, 89S)
Pitching: LHP Peter Ventola
Batting: RHB Tome Uso 0-0: Ball
1-0: Called Strike
1-1: Swinging Strike
1-2: Strikes out swinging
Batting: RHB John Clark 0-0: Swinging Strike
0-1: Ball
1-1: TRIPLE (Flyball, 89XD)
Juan Mateo scores
Batting: LHB Jack MacOmish 0-0: Called Strike
Steal of home, John Clark is out
0-1: Ball
1-1: Called Strike
1-2: Ground out 6-3 (Groundball, 6)
Bottom of the 8th over - 1 run, 2 hits, 0 errors, 0 left on base; Syracuse 4 - York 1
TOP OF THE 9TH
Syracuse Storm batting - Pitching for York Revolution : RHP Cletus Spence
Batting: LHB Seung-min Sin 0-0: Foul Ball, location: 2F
0-1: Foul Ball, location: 2F
0-2: Ball
1-2: Ball
2-2: Ball
3-2: DOUBLE (Flyball, 8LD)
Batting: LHB António Escobeda 0-0: Intentional Walk
Batting: RHB Adrián Medina 0-0: Sac Bunt - play at first, batter safe!
Seung-min Sin to third
António Escobeda to second
Batting: SHB Franck Kooijmans 0-0: Called Strike
0-1: Ball
1-1: Ball
2-1: Called Strike
2-2: Ball
3-2: Base on Balls
Seung-min Sin scores
António Escobeda to third
Adrián Medina to second
Pitching: RHP Marcos Mesorana
Batting: LHB Tareef Ashraf 0-0: Ball
1-0: Ball
2-0: Swinging Strike
2-1: Ball
3-1: Swinging Strike
3-2: SINGLE (Line Drive, 34)
António Escobeda scores
Adrián Medina to third
Franck Kooijmans to second
Batting: LHB Brenton Winston 0-0: Ball
1-0: Called Strike
1-1: Swinging Strike
1-2: Strikes out looking
Batting: LHB Tom Burton 0-0: Swinging Strike
0-1: Foul Ball, location: 2F
0-2: Strikes out looking
Batting: RHB Dave Maxwell 0-0: Called Strike
0-1: Ball
1-1: Fly out, F7 (Flyball, 7S)
Top of the 9th over - 2 runs, 3 hits, 0 errors, 3 left on base; Syracuse 6 - York 1
BOTTOM OF THE 9TH
York Revolution batting - Pitching for Syracuse Storm : LHP Peter Ventola
Now at 1B: Francis Osborne
Now in RF: Miguel Román
Batting: SHB Vicente Romero 0-0: Ball
1-0: Foul Ball, location: 2F
1-1: Ground out 5-3 (Groundball, 56S)
Batting: RHB Ryoma Yamamoto 0-0: Foul Ball, location: 2F
0-1: Ball
1-1: Ball
2-1: Foul Ball, location: 2F
2-2: Foul Ball, location: 2F
2-2: Fly out, F8 (Flyball, 89M)
Batting: RHB Lawrence Stokes 0-0: Foul Ball, location: 2F
0-1: Ball
1-1: Ball
2-1: Called Strike
2-2: Ball
3-2: Ground out 6-3 (Groundball, 6)
Bottom of the 9th over - 0 runs, 0 hits, 0 errors, 0 left on base; Syracuse 6 - York 1
Saturday, December 22nd, 2018 - OOTP Baseball 18.8 Build 76